 Dungeon Crawl Stone Soup version 0.18.1-6-gd335043 (webtiles) character file.

3598 M4edhros the Spear-Bearer (level 10, -7/70 HPs)
             Began as a Formicid Fighter on May 16, 2016.
             Killed by divine providence
             ... invoked by an orc priest
              (13 damage)
             ... on level 8 of the Dungeon.
             The game lasted 00:10:48 (5550 turns).

M4edhros the Spear-Bearer (Formicid Fighter)        Turns: 5550, Time: 00:10:49

Health: -7/70      AC: 12    Str: 22    XL:     10   Next: 32%
Magic:  10/10      EV:  9    Int:  7    God:
Gold:   319        SH: 12    Dex: 13    Spells: 0 memorised, 9 levels left

rFire  + . .     SeeInvis +     u - +3 scythe (chaos)
rCold  . . .     Gourm    .     D - +0 plate armour
rNeg   . . .     Faith    .     c - +0 shield
rPois  .         Spirit   .     (helmet unavailable)
rElec  .         Dismiss  .     w - +0 cloak {MR+}
rCorr  .         Reflect  .     (no gloves)
SustAt .         Harm     .     (no boots)
MR     ++...                    (no amulet)
Stlth  ..........               g - ring of wizardry
                                d - +3 ring of evasion

@: very resistant to hostile enchantments, extremely unstealthy
A: permanent stasis, dig shafts and tunnels, four strong arms, antennae 3,
blurry vision 1, deterioration 1, fire resistance 1
a: Dig, Shaft Self


You were on level 8 of the Dungeon.
You were not hungry.

You visited 1 branch of the dungeon, and saw 8 of its levels.
You also visited: Sewer.

You collected 319 gold pieces.

Inventory:

Hand Weapons
 a - a +0 trident
 i - a +0 whip of holy wrath
 u - a +3 scythe of chaos (weapon)
 A - a +0 dagger of speed
Missiles
 j - 4 javelins (quivered)
Armour
 c - a +0 shield (worn)
 w - a +0 cloak of magic resistance (worn)
 D - a +0 plate armour (worn)
 F - the +1 robe of Divine Intervention {rC+ Str+7 Int-3}
   (You found it on level 6 of the Dungeon)

   It affects your strength (+7).
   It affects your intelligence (-3).
   It protects you from cold.
Jewellery
 d - a +3 ring of evasion (left hand)
 g - a ring of wizardry (right hand)
 z - an uncursed ring of protection from fire
 C - an uncursed ring of positive energy
Wands
 b - a wand of polymorph (8/24)
 k - a wand of confusion (18/48)
 n - a wand of teleportation (4/9)
 p - a wand of iceblast (0/15)
 G - a wand of acid (1/15)
 H - a wand of lightning (2/15)
Scrolls
 e - a scroll of immolation
 l - 2 scrolls of noise {unknown}
 m - 5 scrolls of enchant armour {unknown}
 o - 3 scrolls of recharging {unknown}
 r - 5 scrolls of remove curse {unknown}
 t - a scroll of teleportation {unknown}
 v - 2 scrolls of blinking {unknown}
 y - a scroll of vulnerability {unknown}
 E - a scroll of magic mapping
 I - a scroll of fog {unknown}
Books
 s - a Necronomicon

   Spells                             Type                      Level
   a - Haunt                          Necromancy/Summoning         7
   b - Borgnjor's Revivification      Necromancy                   8
   c - Death's Door                   Charms/Necromancy            8
   d - Necromutation                  Transmutation/Necromancy     8
Comestibles
 f - 3 bread rations
 h - 2 slices of pizza
 q - 2 meat rations
 B - 2 fruits
 J - a royal jelly


   Skills:
 - Level 3.2 Fighting
 + Level 11.7 Polearms
 - Level 3.2 Armour
 + Level 10.0 Shields


You had 9 spell levels left.
You didn't know any spells.

Dungeon Overview and Level Annotations

Branches:
Dungeon (8/15)             Temple (0/1) D:7
   Lair: D:8-11

Altars:
Makhleb
Nemelex Xobeh
Trog
Vehumet
Xom


Innate Abilities, Weirdness & Mutations

You are under a permanent stasis effect.
You can dig through walls and to a lower floor.
Your four strong arms can wield two-handed weapons with a shield.
You have a pair of large antennae on your head (SInv).
Scrolls take you a little longer to read.
Your body sometimes deteriorates upon taking damage.
Your flesh is heat resistant.


Message History

* * * LOW HITPOINT WARNING * * *
Evoke which item? (* to show all) (? for menu, Esc to quit)
Zapping:
k - a wand of confusion {zapped: 7} (will waste charges)
Press: ? - help, Shift-Dir - straight line, f/p - orc warrior
Aim: an orc warrior, wielding a battleaxe and wearing a plate armour (chance to defeat MR: 46%)
The orc warrior resists with some effort.
Evoking this partially-identified wand wasted a few charges.
The orc priest mumbles some strange prayers to Beogh against you.
Beogh smites you!
* * * LOW HITPOINT WARNING * * *
You block the orc warrior's attack.
Evoke which item? (* to show all) (? for menu, Esc to quit)
Zapping:
k - a wand of confusion {zapped: 9} (will waste charges)
Press: ? - help, Shift-Dir - straight line, f/p - orc warrior
Aim: an orc warrior, wielding a battleaxe and wearing a plate armour (chance to defeat MR: 46%)
The orc warrior appears confused.
Evoking this partially-identified wand wasted a few charges.
The orc priest invokes the aid of Beogh against you.
Beogh smites you!
You die...

#........#
###.......
#....o...#
#....o....
#.../....#
#..oo.....
#........#
#...o.....
#!)).....#
#.<#+##### . #)#
#.#...#
#.##o######
#.....#
#.#..o....#
###...#
#....o@...#
#.........
####........#
{#.........
.............#
#.........
##..##.......#
#......... ....
#.>.....#
.(....#### #...
#.......#
###..l..
#.###.........#
#.l...#
#......#+###.....
##.... .....


You could see an orc warrior (confused), an orc priest and an orc wizard.

Vanquished Creatures
  Pikel (D:6)
  The ghost of Hipnos the Covert, a novice OpEn (D:6)
  2 two-headed ogres (D:8)
  The ghost of ololoev the Unlucky Elf, an amateur HEAr of Nemelex Xobeh (D:4)
  Sigmund (D:5)
  Duvessa (D:5)
  An orc warrior (D:7)
  A slave (D:6)
  An ogre (D:7)
  A phantom (D:6)
  2 centaurs
  A crocodile (Sewer)
  Dowan (D:5)
  8 killer bees
  A scorpion (D:8)
  4 wights (D:7)
  2 crimson imps
  2 giant frog zombies (D:7)
  2 orc priests
  3 hounds
  2 jellies
  A giant frog skeleton (D:7)
  Natasha (twice) (D:1)
  6 iguanas
  3 worker ants
  An orc wizard (D:5)
  A hound zombie (D:7)
  A hound skeleton (D:4)
  8 adders
  A river rat (D:4)
  2 adder skeletons
  2 worms
  2 dart slugs (D:1)
  2 giant geckos
  15 orcs
  2 ball pythons
  5 giant cockroaches
  3 goblins
  4 hobgoblins (D:1)
  12 jackals
  7 kobolds
  A bat (D:1)
  A giant cockroach zombie (D:5)
  A giant gecko zombie (D:5)
  6 giant newts
  A jackal skeleton (D:4)
  A jackal zombie (D:5)
  A quokka zombie (D:5)
  5 rats
136 creatures vanquished.

Vanquished Creatures (others)
  A slave (D:6)
  A hound (D:6)
  An orc (D:7)
3 creatures vanquished.

Grand Total: 139 creatures vanquished

Notes
Turn   | Place    | Note
--------------------------------------------------------------
     0 | D:1      | M4edhros the Formicid Fighter began the quest for the Orb.
     0 | D:1      | Reached XP level 1. HP: 18/18 MP: 1/1
    80 | D:1      | Reached XP level 2. HP: 22/24 MP: 2/2
   315 | D:1      | Reached skill level 3 in Polearms
   425 | D:2      | Noticed Natasha
   444 | D:1      | Reached XP level 3. HP: 19/29 MP: 3/3
   452 | D:1      | Killed Natasha
   452 | D:1      | Reached skill level 4 in Polearms
   452 | D:1      | Reached XP level 4. HP: 14/35 MP: 4/4
   915 | D:1      | Noticed Natasha
   921 | D:1      | Killed Natasha
  1361 | D:3      | Reached XP level 5. HP: 41/41 MP: 5/5
  1421 | D:3      | Reached skill level 5 in Polearms
  1802 | D:4      | Noticed ololoev's ghost (amateur HEAr)
  1829 | D:4      | Reached XP level 6. HP: 35/47 MP: 6/6
  1835 | D:4      | Killed ololoev's ghost
  1835 | D:4      | Reached skill level 7 in Polearms
  1835 | D:4      | Reached XP level 7. HP: 34/52 MP: 7/7
  2201 | D:4      | Found a glowing drain.
  2205 | Sewer    | Entered a sewer
  2700 | D:4      | Found a radiant altar of Vehumet.
  2702 | D:4      | Found a burning altar of Makhleb.
  2873 | D:5      | Entered Level 5 of the Dungeon
  2964 | D:5      | Reached skill level 8 in Polearms
  3001 | D:5      | Noticed Sigmund
  3053 | D:5      | Noticed Dowan
  3054 | D:5      | Noticed Duvessa
  3062 | D:5      | Gained mutation: Your body sometimes deteriorates upon taking damage. [potion of mutation]
  3062 | D:5      | Gained mutation: Your flesh is heat resistant. [potion of mutation]
  3062 | D:5      | Gained mutation: Scrolls take you a little longer to read. [potion of mutation]
  3067 | D:5      | Killed Sigmund
  3067 | D:5      | Reached XP level 8. HP: 40/58 MP: 8/8
  3069 | D:5      | Killed Duvessa
  3079 | D:5      | Killed Dowan
  3079 | D:5      | Reached skill level 9 in Polearms
  3552 | D:6      | Noticed Pikel
  3568 | D:6      | Killed Pikel
  3568 | D:6      | Reached skill level 5 in Shields
  3568 | D:6      | Reached XP level 9. HP: 60/64 MP: 9/9
  3590 | D:6      | Reached skill level 10 in Polearms
  3635 | D:6      | Found a shimmering altar of Xom.
  3761 | D:6      | Got a slimy robe
  3772 | D:6      | Identified the +1 robe of Divine Intervention {rC+ Str+7 Int-3} (You found it on level 6 of the Dungeon)
  3809 | D:6      | Noticed Hipnos's ghost (novice OpEn)
  3850 | D:6      | Killed Hipnos's ghost
  4338 | D:7      | Found a bloodstained altar of Trog.
  4347 | D:7      | Found a sparkling altar of Nemelex Xobeh.
  4527 | D:7      | Found a bloodstained altar of Trog.
  4547 | D:7      | Reached skill level 11 in Polearms
  4810 | D:7      | Reached XP level 10. HP: 17/70 MP: 10/10
  5250 | D:7      | Found a staircase to the Ecumenical Temple.
  5541 | D:8      | Reached skill level 10 in Shields
  5550 | D:8      | Killed from afar by an orc priest

Skill      XL: |  1  2  3  4  5  6  7  8  9 10 |
---------------+-------------------------------+-----
Polearms       | 3 4 5 7 8 9 11 | 11.7
Shields        | 5 8 10 | 10.0
Fighting       | |  3.2
Armour         | |  3.2

Action                   |  1- 3 |  4- 6 |  7- 9 | 10-12 || total
-------------------------+-------+-------+-------+-------++-------
Melee: Trident           |    67 |   110 |   135 |       ||   312
       Unarmed           |       |     4 |       |       ||     4
       Scythe            |       |       |   135 |    40 ||   175
 Abil: Dig               |       |       |     1 |       ||     1
Evoke: Wand              |       |     5 |     5 |    11 ||    21
  Use: Potion            |     1 |     5 |     4 |     4 ||    14
       Scroll            |       |     1 |     8 |       ||     9
 Stab: Confused          |       |       |       |     2 ||     2
       Paralysed         |       |       |       |     1 ||     1
       Sleeping          |       |       |       |     1 ||     1
  Eat: Chunk             |       |     3 |    10 |     3 ||    16
Armor: Scale mail        |    19 |    32 |    33 |       ||    84
       Plate armour      |       |       |    21 |     3 ||    24
       Skin              |       |       |    60 |       ||    60
       Robe              |       |       |    10 |       ||    10
Dodge: Dodged            |    17 |    22 |   100 |    17 ||   156
Block: Shield            |    31 |    38 |   175 |    27 ||   271
